 Dungeon Crawl Stone Soup version 0.21.1-1-g345015f (webtiles) character file.

10115 kae the Cleaver (level 11, -11/97 HPs)
             Began as a Hill Orc Fighter on June 15, 2018.
             Was a High Priest of Beogh.
             Mangled by a two-headed ogre
             ... wielding a +0 giant club
             ... summoned by an orange crystal statue
              (16 damage)
             ... on level 10 of the Dungeon.
             The game lasted 00:14:48 (13541 turns).

kae the Cleaver (Hill Orc Fighter)                 Turns: 13541, Time: 00:14:48

Health: -11/97     AC: 10    Str: 23      XL:     11   Next: 57%
Magic:  0/5        EV: 12    Int:  4 (8)  God:    Beogh [*****.]
Gold:   433        SH:  0    Dex: 10      Spells: 10/10 levels left

rFire    . . .     SeeInvis +   E - +0 war axe (antimagic)
rCold    . . .     Gourm    .   (no shield)
rNeg     . . .     Faith    .   b - +0 scale mail
rPois    .         Spirit   .   F - +1 helmet
rElec    .         Reflect  .   (no cloak)
rCorr    .         Harm     .   (no gloves)
MR       .....                  (no boots)
Stlth    ..........             G - amulet of regeneration
HPRegen  0.66/turn              x - ring of see invisible
MPRegen  0.09/turn              (no ring)

@: confused, lethally poisoned (-11 -> -15)
A: walk on water
a: Smiting, Recall Orcish Followers, Give Item to Named Follower, Renounce
Religion


You were on level 10 of the Dungeon.
You worshipped Beogh.
Beogh was extremely pleased with you.
You were very hungry.

You visited 1 branch of the dungeon, and saw 11 of its levels.
You also visited: Ossuary.

You collected 433 gold pieces.

Inventory:

Hand Weapons
 a - a +1 war axe
 E - a +0 antimagic war axe (weapon)
Armour
 b - a +0 scale mail (worn)
 c - a +0 shield
 F - a +1 helmet (worn)
 H - the +2 shield "Ruotib" {rF+++ Str-3 Int-4 Stlth+}
   (You found it on level 7 of the Dungeon)

   It affects your strength (-3).
   It affects your intelligence (-4).
   It renders you almost immune to fire.
   It makes you more stealthy.
Jewellery
 e - an uncursed ring of ice
 l - an uncursed ring of magical power
 x - a ring of see invisible (left hand)
 y - an uncursed ring of magical power
 G - an amulet of regeneration (around neck)
 I - an uncursed ring of magical power
 J - an uncursed ring of magical power
Wands
 q - a wand of disintegration (8)
 u - a wand of flame (44)
 B - a wand of acid (12)
 D - a wand of clouds (3)
 K - a wand of enslavement (8)
Scrolls
 i - 2 scrolls of identify
 j - 3 scrolls of amnesia
 k - 4 scrolls of remove curse
 m - 4 scrolls of enchant weapon
 s - a scroll of teleportation
 t - a scroll of fog
 w - a scroll of enchant armour
Potions
 d - a potion of might
 g - a potion of invisibility
 h - 3 potions of flight
 n - a potion of resistance
 o - a potion of ambrosia
 p - 3 potions of haste
 r - 2 potions of mutation
 v - a potion of brilliance
 z - 2 potions of magic
 C - a potion of curing
Comestibles
 f - 13 rations


   Skills:
 + Level 9.5 Fighting
 * Level 13.5 Axes
 + Level 8.7 Armour
 + Level 6.0 Dodging
 - Level 3.2 Shields
 + Level 9.0 Invocations


You had 10 spell levels left.
You didn't know any spells.

Dungeon Overview and Level Annotations

Branches:
Dungeon (11/15)            Temple (0/1) D:5            Lair (0/6) D:11
    Orc: D:9-12

Altars:
Okawaru

Shops:
D:7 (   D:10 }   D:11 *

Annotations:
D:5 Ethylacetat's ghost, novice DsGl
D:10 1 runed door, exclusion: 3 orange crystal statues
D:11 Grum


Message History

The centaur skeleton hits you but does no damage.
The orc wizard hits you with a dagger of venom.
You are more poisoned.
The two-headed ogre completely misses you.
The two-headed ogre misses you. The centaur skeleton hits you.
You feel sick.
The orc wizard hits you but does no damage.
You are more poisoned.
The centaur skeleton closely misses you.
The two-headed ogre hits you with a giant club!!
* * * LOW HITPOINT WARNING * * *
The two-headed ogre hits you with a giant club!
* * * LOW HITPOINT WARNING * * *
You feel sick. The centaur skeleton hits you.
* * * LOW HITPOINT WARNING * * *
The orc wizard hits you but does no damage.
The orange crystal statue fixes its piercing gaze on you.
You feel your power leaking away.
The two-headed ogre hits you with a giant club!
You die...

........##.# #......######.#####
#.#.....##.# #...#...o..........
#.......##.# #...##o.....#......
#.....o.##.# #....o.o....#######
#.......##.####.#########.+....#
......<..oo.....#8o....8#..###.#
########...o..).#o#o..#.#..# #.#
#.....##o#oOo....#..# #.#
#.....##o@Oooo...+..# #)#
########o#Zoo....#.## #.#
#oo#o#o..#.#.# #.#
#oo#oo....8#.# #.#
#.o#########.####.#
#.....o..........[##
#......>...≈≈.......
#........≈≈≈≈≈≈..###
#.........≈≈≈≈≈...(.


You could see 3 orange crystal statues, 2 two-headed ogres, 2 orc priests, 3 orc
wizards, 9 orcs, a centaur skeleton, the friendly Arkwar the orc warrior, the
friendly Korbok the orc warrior, a friendly orc priest, a friendly orc wizard
and 4 friendly orcs.

Vanquished Creatures
  Erolcha (D:10)
  The ghost of Hebeh the Cleaver, a novice DDFi of Makhleb (D:9)
  2 two-headed ogres
  An orange crystal statue (D:10)
  2 trolls
  2 hippogriffs
  2 wyverns
  2 hungry ghosts
  A soldier ant (D:10)
  7 ice beasts
  2 orc warriors
  A sky beast (D:5)
  2 black bears
  3 necrophages (D:9)
  2 ogres
  4 phantoms
  A wolf (D:11)
  A centaur (D:5)
  Blork the orc (D:5)
  4 big kobolds
  3 bullfrogs
  2 water moccasin zombies
  3 scorpions
  6 killer bees (D:9)
  12 wights
  4 howler monkeys
  A centaur zombie (D:9)
  2 hounds
  A quasit (D:10)
  2 crimson imps
  5 orc priests
  2 jellies (D:1)
  10 orc wizards
  A gnoll shaman (D:9)
  An iguana (D:10)
  7 worker ants
  3 big kobold zombies (Ossuary)
  4 mummies
  10 gnolls
  7 adders
  3 shadow imps
  2 oozes (D:1)
  5 adder zombies
  2 worms (D:3)
  2 dart slugs
  5 leopard geckos
  16 orcs
  4 ball pythons
  5 bats
  9 giant cockroaches
  2 gnoll zombies (Ossuary)
  15 goblins
  11 hobgoblins
  18 jackals
  22 kobolds
  5 quokkas
  5 frilled lizards
  8 hobgoblin zombies (Ossuary)
  5 kobold zombies (Ossuary)
  A leopard gecko zombie (D:5)
  4 orc zombies (Ossuary)
  A quokka zombie (D:5)
  11 rats
289 creatures vanquished.

Vanquished Creatures (collateral kills)
  The ghost of Phong the Cleaver, a novice DsWn of Fedhas (D:10)
  2 orc warriors
  A crocodile (D:8)
  A bullfrog (D:7)
  A scorpion (D:10)
  A howler monkey (D:7)
  A centaur zombie (D:10)
  A crimson imp (D:7)
  An orc priest (D:10)
  An iguana (D:7)
  2 worker ants
  A shadow imp (D:8)
  An adder skeleton (D:8)
  3 orcs
  A ball python (D:7)
  A quokka (D:7)
  A jackal skeleton (D:7)
21 creatures vanquished.

Vanquished Creatures (others)
  An orc knight (D:10)
  2 orc warriors
  An orc priest (D:10)
  7 orcs
  A fungus (D:11)
12 creatures vanquished.

Grand Total: 322 creatures vanquished

Notes
Turn   | Place    | Note
-------+----------+-------------------------------------------
     0 | D:1      | kae the Hill Orc Fighter began the quest for the Orb.
     0 | D:1      | Reached XP level 1. HP: 19/19 MP: 1/1
     0 | D:1      | Noticed a jelly
     1 | D:1      | Found a runed door.
     2 | D:1      | Noticed a jelly
    45 | D:1      | Reached skill level 3 in Axes
    71 | D:1      | Reached XP level 2. HP: 27/27 MP: 2/2
   210 | D:1      | Reached XP level 3. HP: 23/33 MP: 3/3
   707 | D:2      | Reached skill level 1 in Dodging
   797 | D:2      | Reached skill level 4 in Axes
   797 | D:2      | Reached XP level 4. HP: 34/40 MP: 4/4
  1431 | D:2      | Reached XP level 5. HP: 40/47 MP: 5/5
  1644 | D:1      | Reached skill level 5 in Axes
  1793 | D:3      | Reached XP level 6. HP: 42/53 MP: 6/6
  1823 | D:3      | Found a faded altar of an unknown god.
  1981 | D:3      | Became a worshipper of Beogh the Brigand
  2776 | D:4      | Reached skill level 5 in Fighting
  2969 | D:4      | Noticed a phantom
  2981 | D:4      | Killed a phantom
  2981 | D:4      | Reached skill level 6 in Axes
  2981 | D:4      | Reached skill level 1 in Invocations
  3095 | D:4      | Reached XP level 7. HP: 47/61 MP: 8/8
  3800 | D:4      | Reached skill level 7 in Axes
  3806 | D:4      | Reached skill level 5 in Armour
  4077 | D:4      | Reached * piety under Beogh
  4211 | D:5      | Entered Level 5 of the Dungeon
  4265 | D:5      | Noticed Ethylacetat's ghost (novice DsGl)
  4847 | D:5      | Reached XP level 8. HP: 58/70 MP: 10/10
  5091 | D:5      | Noticed Blork the orc
  5114 | D:5      | Killed Blork the orc
  5529 | D:5      | Found a staircase to the Ecumenical Temple.
  5724 | D:5      | Reached skill level 8 in Axes
  6092 | D:5      | Found an iron altar of Okawaru.
  6461 | D:6      | Found a sand-covered staircase.
  6468 | Ossuary  | Entered an ossuary
  6489 | Ossuary  | Reached ** piety under Beogh
  7214 | D:6      | Reached skill level 9 in Axes
  7265 | D:6      | Reached XP level 9. HP: 57/78 MP: 12/12
  7401 | D:6      | Reached skill level 5 in Invocations
  7636 | D:6      | Reached *** piety under Beogh
  8644 | D:7      | Reached skill level 10 in Axes
  8650 | D:7      | Gained Arkwar as an ally
  8658 | D:7      | Gained Korbok as an ally
  8830 | D:7      | Found Ikhiynloch's Antique Weapon Shop.
  9090 | D:7      | Reached **** piety under Beogh
  9458 | D:7      | Got a brightly glowing shield
  9469 | D:7      | Identified the +2 shield "Ruotib" {rF+++ Str-3 Int-4 Stlth+} (You found it on level 7 of the Dungeon)
  9720 | D:8      | You fall through a shaft for 3 floors!
  9750 | D:11     | Found Eliasch's Demolitions Depot.
  9768 | D:11     | Reached XP level 10. HP: 88/88 MP: 14/14
  9799 | D:11     | Reached skill level 11 in Axes
  9818 | D:11     | Noticed a red ugly thing
  9847 | D:11     | Noticed a gargoyle
  9856 | D:11     | Noticed Grum
  9857 | D:11     | Noticed a brown ugly thing
 10119 | D:11     | Noticed a six-headed hydra
 10156 | D:10     | Entered Level 10 of the Dungeon
 10159 | D:10     | Noticed Phong's ghost (novice DsWn)
 10454 | D:9      | Noticed Hebeh's ghost (novice DDFi)
 10596 | D:9      | Killed Hebeh's ghost
 10596 | D:9      | Reached skill level 5 in Dodging
 10712 | D:9      | Reached skill level 12 in Axes
 10721 | D:9      | Reached ***** piety under Beogh
 11341 | D:8      | Reached XP level 11. HP: 95/95 MP: 17/17
 11977 | D:9      | Noticed a two-headed ogre
 12086 | D:9      | Killed a two-headed ogre
 12522 | D:10     | Found Nopnue's Gadget Boutique.
 12541 | D:10     | Noticed a two-headed ogre
 12547 | D:10     | Killed a two-headed ogre
 12547 | D:10     | Reached skill level 13 in Axes
 12607 | D:10     | Killed Phong's ghost
 12909 | D:10     | Found the +10 large shield of Ignorance {rN+ Int-4}
 12912 | D:10     | Found a runed door.
 13161 | D:10     | Found a runed door.
 13162 | D:10     | Noticed Erolcha
 13171 | D:10     | Killed Erolcha
 13179 | D:10     | Noticed an orange crystal statue
 13186 | D:10     | Noticed an orange crystal statue
 13186 | D:10     | Noticed an orange crystal statue
 13186 | D:10     | Noticed an orange crystal statue
 13200 | D:10     | Noticed a two-headed ogre
 13200 | D:10     | Noticed an unseen horror
 13201 | D:10     | Killed an orange crystal statue
 13535 | D:10     | Noticed a two-headed ogre
 13535 | D:10     | Noticed a two-headed ogre
 13541 | D:10     | Mangled by a two-headed ogre

Skill      XL: |  1  2  3  4  5  6  7  8  9 10 11 |
---------------+----------------------------------+-----
Axes           | 3 4 5 6 7 9 10 12 13 | 13.5
Fighting       | 4 5 6 7 8 9 |  9.5
Dodging        | 1 2 3 4 5 6 |  6.0
Armour         | 4 5 6 7 8 |  8.7
Invocations    | 1 3 4 6 8 9 |  9.0
Shields        | |  3.2

Action                   |  1- 3 |  4- 6 |  7- 9 | 10-12 || total
-------------------------+-------+-------+-------+-------++-------
Melee: War axe           |   123 |   184 |   480 |   298 ||  1085
Invok: Convert to Beogh  |       |     1 |       |       ||     1
       Recall Orcish Fol |       |       |       |     1 ||     1
Evoke: Wand              |       |       |       |     6 ||     6
  Use: Scroll            |       |    13 |    10 |     7 ||    30
       Potion            |       |       |     6 |    12 ||    18
 Stab: Distracted        |       |       |       |     1 ||     1
  Eat: Chunk             |       |     6 |     8 |     6 ||    20
       Ration            |       |       |     5 |     2 ||     7
Armor: Scale mail        |    66 |    61 |   162 |   106 ||   395
       Skin              |       |       |       |    17 ||    17
Dodge: Dodged            |    70 |    61 |   168 |   257 ||   556
Block: Shield            |    89 |   101 |   181 |       ||   371
